 Dungeon Crawl Stone Soup version 0.19-a0-1111-gcceb26a (webtiles) character file.

338 epen the Ducker (level 6, -4/29 HPs)
             Began as a Felid Monk on Aug 11, 2016.
             Slain by a gnoll
             ... wielding a +0 spear
              (9 damage)
             ... on level 4 of the Dungeon.
             The game lasted 00:06:38 (3154 turns).

epen the Ducker (Felid Monk)                        Turns: 3154, Time: 00:06:39

Health: -4/29      AC:  2    Str:  7    XL:     6   Next: 29%
Magic:  7/7        EV: 20    Int: 14    God:
Gold:   161        SH:  0    Dex: 18    Spells: 0 memorised, 5 levels left
                                        Lives:  0   Deaths: 1

rFire  . . .     SeeInvis +       - Unarmed
rCold  . . .     Gourm    .     (armour unavailable)
rNeg   . . .     Faith    .     (shield unavailable)
rPois  .         Spirit   .     (helmet unavailable)
rElec  .         Dismiss  .     (cloak unavailable)
rCorr  .         Reflect  .     (gloves unavailable)
SustAt .         Harm     .     (boots unavailable)
MR     +....     Rnd*Tele +     B - amulet of rage
Stlth  +++.......               o - ring of protection from magic
                                x - ring of teleportation (curse)

@: heavily drained, quick
A: no armour, no weapons or thrown items, claws 1, fangs 3, see invisible,
carnivore 3, speed 1, shaggy fur 2, slow metabolism 1, sharp paws
a: Evoke Berserk Rage


You were on level 4 of the Dungeon.
You were completely stuffed.

You visited 1 branch of the dungeon, and saw 4 of its levels.

You collected 161 gold pieces.

Inventory:

Jewellery
 h - an uncursed ring of resist corrosion
 i - an uncursed ring of see invisible
 j - an uncursed amulet of harm
 o - a ring of protection from magic (right paw)
 x - a cursed ring of teleportation (left paw)
 B - an amulet of rage (around neck)
Wands
 m - a wand of polymorph (12/24)
 p - a wand of paralysis (5/24)
 r - a wand of teleportation (4/9)
Scrolls
 e - a scroll of remove curse
 f - 3 scrolls of identify
 v - a scroll of random uselessness {unknown}
 y - 2 scrolls of blinking {unknown}
 z - a scroll of immolation {unknown}
 A - a scroll of teleportation
Potions
 b - 2 potions of haste {unknown}
 c - 3 potions of agility
 k - 2 potions of mutation {unknown}
 l - 2 potions of lignification
 n - a potion of flight {unknown}
 q - a potion of berserk rage {unknown}
 s - a potion of curing {unknown}
 w - a potion of heal wounds
Comestibles
 a - 3 meat rations
 d - 2 slices of pizza
 g - a royal jelly
 u - a beef jerky


   Skills:
 + Level 4.4(2.9) Fighting
 + Level 5.8(4.2) Dodging
 + Level 5.5(3.9) Stealth
 * Level 5.3(3.7) Unarmed Combat
 + Level 0.2(0.0) Evocations


You had 5 spell levels left.
You didn't know any spells.

Dungeon Overview and Level Annotations

Branches:
Dungeon (4/15)
 Temple: D:4-7

Altars:


Innate Abilities, Weirdness & Mutations

You cannot wear armour.
You are incapable of wielding weapons or throwing items.
You have sharp claws.
You have razor-sharp teeth.
You have supernaturally acute eyesight. (SInv)
You are carnivorous and can eat meat at any time.
You cover ground quickly.
You are covered in thick fur. (AC +2)
You have a slow metabolism.
Your sharp claws are effective at attacking unaware monsters.


Message History

The gnoll is moderately wounded.
The gnoll closely misses you.
You scratch the gnoll but do no damage.
The gnoll is moderately wounded.
The gnoll closely misses you. The gnoll misses you.
You scratch the gnoll.
The gnoll is heavily wounded.
The gnoll misses you. The gnoll barely misses you.
You scratch the gnoll but do no damage.
The gnoll is heavily wounded.
The gnoll hits you with a spear!
You scratch the gnoll.
The gnoll is severely wounded.
The gnoll misses you. The gnoll barely misses you.
You scratch the gnoll.
The gnoll is almost dead.
The gnoll barely misses you. The gnoll hits you with a halberd!
* * * LOW HITPOINT WARNING * * *
The gnoll hits you from afar with a spear!
You die...

# #. ## #.#..
#.#.## #.#..
####..### ...
#.gg....####....
#...........?.
#@#%>..##.....
#†..........<.
#..#...<#..###
.#..#..........
#.........###..
####.####># #.#
#.####.###[#
#........#.#
######.#.#.#


You could see 2 gnolls.

Vanquished Creatures
  Sigmund (D:2)
  Ijyb (D:2)
  Jessica (D:2)
  Natasha (thrice) (D:2)
  2 iguanas (D:4)
  A worker ant (D:4)
  5 adders
  A gnoll (D:4)
  2 oozes (D:2)
  A worm (D:2)
  3 dart slugs
  A giant gecko (D:2)
  An orc (D:3)
  5 bats
  4 giant cockroaches
  6 hobgoblins
  7 kobolds
  A quokka (D:3)
  A giant newt (D:3)
  6 goblins
  25 rats
78 creatures vanquished.

Notes
Turn   | Place    | Note
-------+----------+-------------------------------------------
     0 | D:1      | epen the Felid Monk began the quest for the Orb.
     0 | D:1      | Reached XP level 1. HP: 10/10 MP: 2/2
   133 | D:1      | Reached XP level 2. HP: 14/14 MP: 3/3
   561 | D:2      | Noticed Jessica
   581 | D:2      | Killed Jessica
   581 | D:2      | Reached XP level 3. HP: 6/17 MP: 4/4
  1074 | D:2      | Noticed Sigmund
  1086 | D:2      | Killed Sigmund
  1086 | D:2      | Reached skill level 5 in Dodging
  1086 | D:2      | Reached XP level 4. HP: 21/22 MP: 5/5
  1086 | D:2      | Reached XP level 5. HP: 24/25 MP: 6/6
  1200 | D:2      | Noticed Natasha
  1204 | D:2      | Killed Natasha
  1310 | D:2      | Noticed Natasha
  1336 | D:2      | Killed Natasha
  1336 | D:2      | Reached skill level 5 in Stealth
  1336 | D:2      | Gained mutation: You are covered in thick fur. (AC +2) [Felid growth]
  1336 | D:2      | Reached XP level 6. HP: 15/28 MP: 7/7
  1484 | D:2      | Noticed Ijyb
  1492 | D:2      | Killed Ijyb
  1644 | D:2      | Noticed Natasha
  1658 | D:2      | HP: 1/28 [Natasha/magic dart (12)]
  1660 | D:2      | Slain by Natasha
  1661 | D:2      | Reached XP level 5. HP: -3/25 MP: 6/6
  1822 | D:2      | Killed Natasha
  2079 | D:2      | Reached skill level 5 in Unarmed Combat
  2889 | D:4      | Reached XP level 6. HP: 29/29 MP: 7/7
  3154 | D:4      | Slain by a gnoll

Vault maps used:
D:1:      dpeg_arrival_leaves_temple_mockup
D:2:      uniq_sigmund, uniq_jessica, uniq_natasha, uniq_iyjb
D:3:      first_bread, minmay_rat_hole
D:4:      uniq_grinder

Skill      XL: |  1  2  3  4  5 |
---------------+----------------+-----
Stealth        | 3 4 5 |  5.5
Dodging        | 5 |  5.8
Unarmed Combat | 4 5 |  5.3
Fighting       | 4 |  4.4
Evocations     | |  0.2

Action                   |  1- 3 |  4- 6 || total
-------------------------+-------+-------++-------
Melee: Unarmed           |    69 |   145 ||   214
       Bite              |     6 |     9 ||    15
       Punch             |     1 |     2 ||     3
  Use: Scroll            |       |     4 ||     4
 Stab: Sleeping          |     8 |    23 ||    31
  Eat: Chunk             |     5 |    12 ||    17
Armor: Skin              |       |     8 ||     8
Dodge: Dodged            |    48 |   101 ||   149
